 Dungeon Crawl Stone Soup version 0.25.1-8-g42b30a86e7 (webtiles) character file.

Game seed: 5714701480809343074

23 Clowwww the Skirmisher (level 2, -1/24 HPs)
             Began as a Demonspawn Abyssal Knight on Dec 10, 2020.
             Was a Follower of Lugonu.
             Slain by Sigmund
             ... wielding a +1 scythe of venom
              (7 damage)
             ... on level 2 of the Dungeon on Dec 11, 2020.
             The game lasted 00:02:46 (1637 turns).

Clowwww the Skirmisher (Demonspawn Abyssal Knight)  Turns: 1637, Time: 00:02:47

Health: -1/24      AC:  3    Str: 12    XL:     2   Next: 72%
Magic:  4/4        EV: 11    Int: 13    God:    Lugonu [*.....]
Gold:   0          SH:  0    Dex: 12    Spells: 1/1 levels left

rFire    . . .     SeeInvis .   a - +1 hand axe
rCold    . . .     Gourm    .   (no shield)
rNeg     . . .     Faith    .   b - +0 leather armour
rPois    .         Spirit   .   (no helmet)
rElec    .         Reflect  .   (no cloak)
rCorr    .         Harm     .   (no gloves)
MR       .....                  (no boots)
Stlth    +.........             (no amulet)
HPRegen  0.08/turn              (no ring)
MPRegen  0.09/turn              (no ring)

@: lethally poisoned (-1 -> -6)
A: talons 1
a: Depart the Abyss, Renounce Religion


You were on level 2 of the Dungeon.
You worshipped Lugonu.
Lugonu was aware of your devotion.
You were not hungry.

You visited 1 branch of the dungeon, and saw 2 of its levels.
You visited the Abyss 1 time.

Inventory:

Hand Weapons
 a - a +1 hand axe (weapon)
Missiles
 d - a throwing net (quivered)
Armour
 b - a +0 leather armour (worn)
Scrolls
 e - 2 scrolls of enchant armour {unknown}
 f - 2 scrolls of magic mapping {unknown}
 h - a scroll of fog {unknown}
 j - a scroll of noise {unknown}
 m - a scroll of immolation {unknown}
 n - a scroll of enchant weapon {unknown}
 o - a scroll of identify {unknown}
Potions
 g - a potion of brilliance {unknown}
 k - a potion of heal wounds {unknown}
 l - a potion of curing {unknown}
Comestibles
 c - 2 rations


   Skills:
 + Level 3.3 Fighting
 + Level 2.0 Axes
 + Level 2.2 Armour
 + Level 1.0 Dodging
 + Level 2.7 Invocations


You had one spell level left.
You didn't know any spells.
Your spell library was empty.

Dungeon Overview and Level Annotations

Branches:
Dungeon (2/15)

Altars:

Annotations:
D:2 Sigmund


Innate Abilities, Weirdness & Mutations

You have sharp toenails.


Message History

Sigmund points at you and mumbles some strange words.
You resist with significant effort.
You bump into the closed door.
You feel less confused. The adder bites you but does no damage.
The kobold hits you but does no damage.
You open the door. The adder barely misses you.
The kobold hits you with a +0 dagger. The adder closely misses you.
Sigmund mumbles some strange words.
Sigmund flickers and vanishes!
Deactivating autopickup; reactivate with Ctrl-A.
There is an open door here.
You barely miss the adder. The adder completely misses you.
The adder bites you.
* * * LOW HITPOINT WARNING * * *
You are poisoned.
The adder poisons you!
You miss the adder. Your kick misses the adder.
* * * LOW HITPOINT WARNING * * *
You feel sick. The adder bites you but does no damage. Something hits you!
You die...

#......# ####
#......##. ...#
#........
...######### ......#
...'@....... ......#
...######### #....$#
...# #####.....#
#### #..@SK....###
#####.###......$.
#.........#+#.###
#.........# ..
#.........# #
#..(......#
#.........#
##########.....<...#
.@.......#.........#


You could see an adder and a kobold.

Vanquished Creatures
  A dart slug (D:1)
  2 bats (D:1)
  2 giant cockroaches (D:1)
  A goblin (D:1)
  2 hobgoblins (D:1)
  2 jackals (D:1)
  3 kobolds
  A frilled lizard (D:1)
  5 rats
19 creatures vanquished.

Notes
Turn   | Place    | Note
-------+----------+-------------------------------------------
     0 | Abyss:1  | Clowwww the Demonspawn Abyssal Knight began the quest for
                  | the Orb.
     0 | Abyss:1  | Reached XP level 1. HP: 18/18 MP: 2/2
    41 | Abyss:2  | Noticed a deep elf sorcerer
    49 | Abyss:2  | Noticed a large abomination
    50 | D:1      | Escaped the Abyss
   749 | D:1      | Reached * piety under Lugonu
   749 | D:1      | Gained mutation: You have sharp toenails. [demonic
                  | ancestry]
   749 | D:1      | Reached XP level 2. HP: 17/24 MP: 4/4
  1118 | D:1      | Reached skill level 1 in Dodging
  1577 | D:2      | Noticed Sigmund
  1637 | D:2      | Slain by Sigmund

Illustrated notes

Levels and vault maps discovered:
D:1:      sevenhm_arrival_forest_fort_small_5, layout_basic
D:2:      layout_basic, first_ration, uniq_jessica, uniq_sigmund, uniq_terence

Skill      XL: |  1  2 |
---------------+-------+-----
Axes           | 2 |  2.0
Armour         | 2 |  2.2
Dodging        | 1 |  1.0
Fighting       | |  3.3
Invocations    | |  2.7

Action                   || total
-------------------------++-------
Melee: Hand axe          ||    71
       Kick              ||     5
Invok: Depart the Abyss  ||     1
 Stab: Sleeping          ||     1
  Eat: Chunk             ||     2
Armor: Leather armour    ||    22
Dodge: Dodged            ||    41
